 Dungeon Crawl Stone Soup version 0.19.1 (webtiles) character file.

710 kae the Insei (level 7, -1/56 HPs)
             Began as a Demonspawn Monk on Dec 19, 2016.
             Slain by Eustachio
             ... wielding a +0 rapier of electrocution
              (15 damage)
             ... on level 5 of the Dungeon.
             The game lasted 00:07:48 (6767 turns).

kae the Insei (Demonspawn Monk)                     Turns: 6767, Time: 00:07:49

Health: -1/56      AC:  3    Str: 11    XL:     7   Next: 40%
Magic:  7/7        EV: 15    Int: 12    God:
Gold:   399        SH:  0    Dex: 17    Spells: 0 memorised, 6 levels left

rFire  x . .     SeeInvis .     h - +1 mace
rCold  + + .     Gourm    .     a - +1 robe
rNeg   . . .     Faith    .     (no shield)
rPois  .         Spirit   .     (no helmet)
rElec  .         Reflect  .     (no cloak)
rCorr  .         Harm     .     (no gloves)
MR     .....                    (no boots)
Stlth  ++........               e - amulet of rage
                                m - ring of ice
                                f - ring of protection from cold

@: no status effects
A: talons 1, powered by death 1, spiny 2
a: Evoke Berserk Rage


You were on level 5 of the Dungeon.
You were hungry.

You visited 1 branch of the dungeon, and saw 5 of its levels.
You also visited: Ossuary.

You collected 399 gold pieces.

Inventory:

Hand Weapons
 c - a +0 hand axe
 h - a +1 mace (weapon)
Armour
 a - a +1 robe (worn)
Jewellery
 e - an amulet of rage (around neck)
 f - a ring of protection from cold (left hand)
 m - a ring of ice (right hand)
Wands
 y - a wand of teleportation (4/9)
 F - a wand of slowing (31/48)
Scrolls
 d - 4 scrolls of remove curse
 q - 2 scrolls of recharging
 t - 2 scrolls of amnesia
Potions
 k - 2 potions of invisibility
 o - a potion of cure mutation
 p - 4 potions of curing
 r - a potion of flight {unknown}
 s - a potion of cancellation {unknown}
 u - a potion of agility
 w - 3 potions of resistance {unknown}
 x - a potion of ambrosia {unknown}
 z - a potion of haste {unknown}
 A - 2 potions of brilliance {unknown}
 B - a potion of berserk rage {unknown}
 C - a potion of might
 D - a potion of lignification {unknown}
Comestibles
 b - 7 bread rations
 g - a beef jerky
 i - 4 meat rations
 j - 8 fruits
 l - 2 slices of pizza
 n - a royal jelly


   Skills:
 + Level 5.0 Fighting
 + Level 4.6 Dodging
 - Level 1.7 Stealth
 * Level 5.9 Unarmed Combat


You had 6 spell levels left.
You didn't know any spells.

Dungeon Overview and Level Annotations

Branches:
Dungeon (5/15)
 Temple: D:4-7

Altars:
Elyvilon
Fedhas
The Shining One

Annotations:
D:4 Xanbar's ghost, amateur MiBe
D:5 Eustachio


Innate Abilities, Weirdness & Mutations

You have sharp toenails.
You regenerate a little health from kills.
You are mostly covered in sharp spines.


Message History

Eustachio is heavily wounded.
Eustachio hits you but does no damage.
You are electrocuted!
* * * LOW HITPOINT WARNING * * *
Eustachio barely misses you.
You miss Eustachio.
Eustachio is heavily wounded.
Eustachio hits you with a rapier of electrocution.
* * * LOW HITPOINT WARNING * * *
You feel better. Eustachio barely misses you.
You feel better.
Eustachio hits you with a rapier of electrocution.
* * * LOW HITPOINT WARNING * * *
You closely miss Eustachio. You claw Eustachio, but do no damage.
Eustachio is heavily wounded.
Eustachio is struck by your spines. Eustachio closely misses you.
You hit Eustachio.
Eustachio is severely wounded.
Eustachio is struck by your spines. Eustachio hits you but does no damage.
You are electrocuted!
You die...

#.#.# #.#.#.#
#.#(#######.#.#.#
#.#.........#.#.#
###.#..##.......#.#
#.......+..........
#.####.##.......#.#
#.....+.......#.#
###+##@#.##..).)..#.##
#....@...#####<#......
#........# ###..#.#.
#........# #..#.#.
#...[....#######....#.
########.........[#.#.
#########.##.#.
#.##.#. #.##...
######.#####


You could see Eustachio.

Vanquished Creatures
  A hound (D:5)
  3 orc priests
  3 orc wizards (D:4)
  7 worker ants
  A big kobold zombie (Ossuary)
  The ghost of dscm the Skirmisher, a weakling OpFi (D:3)
  8 mummies (Ossuary)
  7 adders
  An ooze (D:3)
  3 worms
  4 dart slugs
  3 leopard geckos
  18 orcs
  8 giant cockroaches
  12 goblins
  13 hobgoblins
  3 jackals (D:2)
  6 kobolds
  3 quokkas
  A ball python (D:3)
  5 bats (D:1)
  2 frilled lizards
  3 gnoll zombies (Ossuary)
  4 hobgoblin zombies (Ossuary)
  A leopard gecko skeleton (D:5)
  3 rats
124 creatures vanquished.

Notes
Turn   | Place    | Note
-------+----------+-------------------------------------------
     0 | D:1      | kae the Demonspawn Monk began the quest for the Orb.
     0 | D:1      | Reached XP level 1. HP: 18/18 MP: 1/1
   540 | D:2      | Gained mutation: You have sharp toenails. [demonic ancestry]
   540 | D:2      | Reached XP level 2. HP: 19/24 MP: 2/2
   744 | D:2      | Gained mutation: You regenerate a little health from kills. [demonic ancestry]
   744 | D:2      | Reached XP level 3. HP: 27/29 MP: 3/3
  2176 | D:1      | Gained mutation: You are partially covered in sharp spines. [demonic ancestry]
  2176 | D:1      | Reached XP level 4. HP: 35/35 MP: 4/4
  3508 | D:3      | Reached XP level 5. HP: 2/42 MP: 5/5
  3923 | D:3      | Found a glowing golden altar of the Shining One.
  3927 | D:3      | Found a white marble altar of Elyvilon.
  4404 | D:3      | Noticed dscm's ghost (weakling OpFi)
  4407 | D:3      | Found a blossoming altar of Fedhas.
  4410 | D:3      | Killed dscm's ghost
  4576 | D:4      | Gained mutation: You are mostly covered in sharp spines. [demonic ancestry]
  4576 | D:4      | Reached XP level 6. HP: 32/48 MP: 6/6
  4644 | D:4      | Found a sand-covered staircase.
  4648 | Ossuary  | Entered an ossuary
  4727 | Ossuary  | Reached skill level 5 in Unarmed Combat
  5105 | D:4      | Noticed Xanbar's ghost (amateur MiBe)
  6136 | D:5      | Entered Level 5 of the Dungeon
  6145 | D:4      | Reached XP level 7. HP: 38/55 MP: 7/7
  6482 | D:5      | Reached skill level 5 in Fighting
  6748 | D:5      | Noticed Eustachio
  6767 | D:5      | Slain by Eustachio

Skill      XL: |  1  2  3  4  5  6  7 |
---------------+----------------------+-----
Unarmed Combat | 3 4 5 |  5.9
Dodging        | 3 4 |  4.6
Fighting       | 4 5 |  5.0
Stealth        | |  1.7

Action                   |  1- 3 |  4- 6 |  7- 9 || total
-------------------------+-------+-------+-------++-------
Melee: Hand axe          |    24 |       |       ||    24
       Mace              |   102 |   190 |    31 ||   323
       Unarmed           |     3 |       |       ||     3
       Kick              |    22 |    48 |     9 ||    79
       Punch             |       |     3 |     1 ||     4
  Use: Potion            |     1 |     1 |     2 ||     4
       Scroll            |       |    11 |     3 ||    14
 Stab: Sleeping          |     2 |     5 |       ||     7
  Eat: Chunk             |     4 |    13 |     1 ||    18
Armor: Robe              |    33 |    12 |     5 ||    50
Dodge: Dodged            |    97 |   137 |    38 ||   272
